Map: Blackpink LE

Players

CinDra

  • Race: Zerg Zerg
  • League: Bronze
  • Spawn Location: 1:00

alexpoopers - Winner!

  • Race: Terran Terran
  • League: Platinum
  • Spawn Location: 7:00

VOD

Have the link to the VOD?

Description

Time

  • Played on: Feb. 9, 2018, 5:03 p.m.
  • Length: 12:22
Show
View Real Time Build Order
Export as new Build Order

CinDra Zerg 

Build Orders: Hatch First 

Get SALT Encoding   

  12  0:01  Drone  
  13  0:13  Overlord  
  13  0:20  Drone  
  14  0:32  Drone x2  
  16  0:36  Drone  
  17  0:46  Drone  
  18  0:58  Hatchery  
  17  1:04  Drone  
  18  1:14  Spawning Pool  
  18  1:17  Drone  
  18  1:23  Drone  
  19  1:29  Drone  
  20  1:39  Overlord  
  20  1:52  Drone  
  21  1:58  Extractor  
  20  2:01  Queen  
  20  2:05  Zergling x2  
  23  2:10  Queen  
  23  2:11  Drone  
  23  2:15  Drone  
  27  2:26  Drone x2  
  29  2:37  Drone x2  
  29  2:38  Roach Warren  
  29  3:01  Zergling x2  
  29  3:02  Zergling x6  
  33  3:06  Metabolic Boost  
  33  3:07  Extractor  
  33  3:08  Queen  
  33  3:10  Overlord x2  
  34  3:15  Drone  
  35  3:37  Roach x2  
  35  3:38  Zergling x2  
  35  3:39  Zergling x10  
  45  3:56  Drone  
  45  3:58  Drone  
  45  4:00  Drone  
  49  4:02  Drone  
  49  4:19  Drone  
  49  4:20  Drone  
  49  4:21  Overlord x4  
  49  4:22  Overlord  
  51  4:31  Lair  
  51  4:32  Pneumatized Carapace  
  51  5:09  Hatchery  
  50  5:25  Drone  
  50  5:26  Drone x8  
  59  5:29  Extractor  
  59  5:31  Extractor  
  57  5:54  Drone x5  
  62  6:02  Roach  
  62  6:03  Roach x6  
  77  6:32  Drone  
  77  6:33  Drone  
  77  6:34  Drone  
  77  6:39  Drone x2  
  84  6:40  Drone x3  
  84  6:43  Roach  
  86  7:17  Spire  
  86  7:19  Infestation Pit  
  84  7:28  Evolution Chamber  
  84  7:29  Evolution Chamber  
  82  7:32  Roach x2  
  82  7:33  Roach x5, Overlord x2  
  82  7:34  Overlord x5  
  96  7:39  Overseer  
  96  7:40  Overseer x2  
  96  8:09  Drone x3  
  96  8:10  Drone x5  
  96  8:11  Drone x2  
  96  8:12  Roach, Drone  
  109  8:24  Zerg Missile Weapons Level 1, Zerg Ground Armor Level 1  
  109  8:31  Mutalisk x4  
  109  8:32  Mutalisk x2  
  121  8:34  Mutalisk x2, Overlord x2  
  125  8:55  Roach x8  
  141  9:15  Zerg Flyer Weapons Level 1  
  141  9:20  Mutalisk x5  
  141  9:21  Overlord  
  141  9:22  Overlord x2  
  151  9:57  Roach x9  
  169  10:07  Baneling Nest, Glial Reconstitution  
  169  10:12  Hive  
  168  10:18  Extractor  
  167  10:21  Extractor  
  167  10:23  Drone x4  
  167  10:24  Drone x2  
  172  10:53  Roach x6, Overlord x3  
  172  10:54  Roach x2  
  188  10:59  Centrifical Hooks  
  188  11:05  Baneling x12  
  188  11:06  Baneling x3  
  108  11:30  Roach x4  
  108  11:31  Roach x5  
  82  11:43  Roach x3  
Show
View Real Time Build Order
Export as new Build Order

alexpoopers Terran - Winner!

Build Orders: MMM Bio 

Get SALT Encoding   

  12  0:00  SCV  
  13  0:12  SCV  
  14  0:18  Supply Depot  
  14  0:28  SCV  
  15  0:30  Refinery  
  15  0:40  SCV  
  16  0:47  Barracks  
  16  0:52  SCV  
  17  1:04  SCV  
  18  1:16  SCV  
  20  1:35  Reaper  
  20  1:36  Orbital Command  
  20  1:45  Command Center  
  20  2:02  SCV  
  21  2:08  Refinery  
  21  2:14  SCV  
  22  2:24  Barracks Reactor  
  22  2:25  Supply Depot  
  22  2:27  SCV  
  23  2:46  SCV  
  23  2:57  Factory, Orbital Command  
  23  2:59  SCV  
  23  3:02  Marine x2  
  26  3:11  SCV  
  27  3:23  SCV  
  27  3:27  SCV  
  29  3:28  Marine x2  
  31  3:35  SCV  
  32  3:45  Starport  
  32  3:46  Factory Reactor, Marine  
  32  3:48  Factory Tech Lab  
  33  3:49  Marine  
  33  3:53  SCV x2  
  36  4:03  Marine  
  36  4:07  Command Center  
  36  4:09  SCV x2  
  39  4:11  Supply Depot  
  39  4:13  Marine  
  39  4:16  Siege Tank  
  43  4:21  Marine  
  43  4:22  Barracks  
  43  4:23  SCV x2  
  46  4:31  Supply Depot  
  46  4:33  Marine  
  46  4:35  SCV x2  
  49  4:39  Marine  
  50  4:47  SCV x2  
  50  4:50  Marine  
  53  5:06  Supply Depot  
  53  5:07  SCV  
  53  5:08  SCV  
  53  5:13  Engineering Bay  
  55  5:16  Barracks Tech Lab, Barracks Reactor  
  55  5:17  Barracks  
  55  5:19  SCV  
  55  5:20  SCV  
  55  5:21  Starport Reactor  
  57  5:30  Marine x2  
  57  5:31  SCV  
  57  5:32  SCV  
  61  5:36  Supply Depot  
  61  5:38  Supply Depot, Marine  
  62  5:43  Stimpack  
  62  5:44  SCV x2, Terran Infantry Weapons Level 1  
  62  5:47  Marine  
  62  5:48  Marine, Engineering Bay, Armory  
  66  5:53  Refinery  
  66  5:55  Marine  
  66  5:56  SCV x2, Refinery  
  69  5:59  Planetary Fortress  
  69  6:00  Supply Depot  
  69  6:02  Supply Depot  
  69  6:05  Marine x2  
  69  6:08  SCV, Barracks Reactor  
  69  6:10  Siege Tank  
  75  6:14  Marauder  
  77  6:22  SCV  
  77  6:23  SCV, Marine  
  80  6:34  SCV  
  80  6:35  SCV  
  80  6:39  SCV  
  83  6:43  Siege Tank  
  83  6:45  Refinery  
  83  6:46  Refinery  
  83  6:47  SCV x2  
  88  6:49  Marine x4  
  88  6:50  Marine  
  88  6:51  SCV  
  94  6:58  Medivac x2  
  94  6:59  SCV x2  
  100  7:03  SCV  
  100  7:07  Marine x2  
  100  7:08  Marauder, Barracks  
  105  7:11  SCV x2, Barracks  
  105  7:15  SCV, Siege Tank, Marine  
  110  7:16  Marine  
  110  7:20  Supply Depot x2  
  113  7:23  SCV x2  
  113  7:25  Marine  
  113  7:28  Supply Depot  
  113  7:29  Supply Depot  
  116  7:30  SCV  
  117  7:41  Medivac, SCV, Marine  
  121  7:45  Command Center  
  121  7:47  Marine x3  
  121  7:48  Supply Depot, Marine  
  121  7:49  Supply Depot  
  125  7:51  Terran Infantry Armor Level 1  
  125  7:52  Terran Infantry Weapons Level 2  
  126  7:59  Siege Tank, Marine  
  126  8:00  Medivac  
  126  8:04  Combat Shields  
  132  8:08  Marine  
  132  8:12  Marine x3  
  135  8:15  SCV x2, Barracks Reactor  
  135  8:16  Barracks Reactor  
  135  8:17  Marine  
  138  8:25  Marine  
  139  8:28  Supply Depot  
  139  8:29  Supply Depot  
  139  8:30  Marauder, Marine  
  139  8:31  Supply Depot  
  139  8:32  Supply Depot  
  139  8:33  Supply Depot  
  142  8:36  Supply Depot  
  142  8:43  SCV  
  142  8:44  SCV  
  144  8:52  Siege Tank  
  144  8:53  Medivac x2  
  151  9:00  Marine x6  
  151  9:01  Marauder, Marine x2  
  161  9:17  Marine  
  161  9:18  Marine  
  161  9:20  Terran Vehicle Weapons Level 1  
  161  9:22  Marauder  
  165  9:26  Refinery  
  167  9:44  Marauder  
  168  9:49  Refinery  
  168  9:50  Medivac  
  170  9:53  Thor  
  170  9:54  Marine x7  
  170  9:55  Marine  
  181  10:02  SCV  
  181  10:06  Barracks  
  184  10:11  Marine  
  184  10:12  Marine x4  
  184  10:13  Marine x2  
  184  10:14  Marine x2  
  191  10:29  Marine x2  
  191  10:30  Marine  
  191  10:32  Marauder  
  196  10:41  SCV x2, Marine x2  
  200  10:46  Missile Turret x2  
  200  10:48  Missile Turret  
  200  10:51  Bunker  
  200  10:52  Missile Turret  
  200  10:54  Barracks  
  200  10:55  Missile Turret  
  200  10:56  Missile Turret  
  200  10:57  Missile Turret  
  200  10:59  Sensor Tower  
  200  11:01  Missile Turret  
  200  11:03  Missile Turret  
  157  11:26  Marine x2  
  157  11:27  Marine x5  
  157  11:28  Marauder, Marine  
  142  11:43  Viking x2  
  142  11:44  Marine x4  
  142  11:45  Marine  
  154  11:49  Marauder  
Tags
 
Composition
MMM Bio
Matchup
TvZ
Spawn Locations
Cross Positions
Add a new tag
Caveats
  • Supply blocks, unpowered buildings, or Contaminate may cause inaccurate times.
  • Supply counts are checked every 10 seconds.